← All builds
Geo / Armada / Economy first / OBSERVED BUILD

Standard geo

Eco-first Geo build that rushes geothermal power and T2 constructor before transitioning into Starlight-led T2 units for front, the role's baseline play.

Usually blows up the commander for T2 (67%)

#eco #t2 · 751 distinct matches · 110 players · 59% of Armada Geo games · team won 55% of 845 · Recently observed

HOW TO PLAY IT

Key timing: Geothermal Powerplant by 3:26

  1. Open mex and wind into Bot Lab.
  2. Rush geothermal for the early energy spike.
  3. Add Advanced Metal Extractor, then Advanced Geothermal by 7:07.
  4. Bring up Vehicle Plant alongside T2 con for "Starlight" and vehicles.
  5. Funnel "Starlight" and T1 vehicles to front, pay allies with cons and "Lazarus".

Phase by phase

TYPICAL OF ITS 751 GAMES
  1. 1
  2. 2
  3. 3
  4. 4
PLAY THE OPENING

Follow the example game's first 6:00 step by step: what to build now, what comes next, and where it goes. At 1× it keeps pace with your own game.

  1. 1

    Up to the Bot Lab

    Economy
    • Metal Extractor2Mex
    • Wind Turbine4Wind
    Order
    1. Bot LabBot Lab after 2 mex, 4 winddone ~1:11, middle half 0:58–1:22

    By 0:55 in all: 2 mex · 4 wind

    The example game in this phase · 3 steps
    1. Mex ×2
    2. Wind ×4
    3. Bot LabBot Labdone 0:59 · typical 1:11
  2. 2

    Bot Lab to 5:00

    Economy
    • Metal Extractor2Mex
    • Wind Turbine3Wind
    • Energy Converter8Converter
    • Energy Storage1Energy storage
    Order
    1. Geothermal PowerplantGeo after 4 mex, 5 wind, 1 energy storage
    Builders
    • Construction Turret5 Con turret
    • Lazarus4 Lazarus
    • Construction Bot2 Con bot
    • Construction Bot1 Con bot for allies
    • Lazarus1 Lazarus for allies

    By 5:00 in all: 4 mex · 7 wind · 1 geo · 8 converter · 1 energy storage · 5 con turret

    The example game in this phase · 21 steps
    1. LazarusLazarus ×2
    2. Wind
    3. Construction BotCon botfor Beach sea
    4. Wind
    5. LazarusLazarus
    6. Construction BotCon bot
    7. Mex
    8. LazarusLazarusfor Beach sea
    9. Construction BotCon bot
    10. Mex
    11. LazarusLazarus
    12. Wind
    13. Geothermal PowerplantGeodone 2:56 · typical 3:26
    14. Con turret
    15. Converter
    16. Con turret
    17. Converter ×3
    18. Con turret
    19. Energy storage
    20. Con turret ×3
    21. Advanced Metal ExtractorT2 mex ×4done 4:51 · typical 5:33
  3. 3

    5:00 to Vehicle Plant

    Order
    1. Advanced Geothermal PowerplantAdvanced Geothermal Powerplant after 8 wind, 10 converter, 6 con turretin 59% of games
    2. Vehicle PlantVehicle Plant after 10 wind, 10 converter, 6 con turretdone ~7:07, middle half 6:41–7:40
    Builders
    • Construction Turret1 Con turret

    Some games also: converter (49%) · wind (47%)

    By 6:59 in all: 4 mex · 10 wind · 1 geo · 1 Advanced Geothermal Powerplant · 10 converter · 1 energy storage

    The example game in this phase · 2 steps
    1. Advanced Geothermal PowerplantAdvanced Geothermal Powerplantdone 6:04 · typical 7:06
    2. Vehicle PlantVehicle Plantdone 6:09 · typical 7:07
  4. 4

    Vehicle Plant to 10:00

    Economy
    • Wind Turbine5Wind
    • Energy Converter3Converter
    Order
    1. Advanced Vehicle PlantAdvanced Vehicle Plant after 11 wind, 11 converter, 7 con turret
    Builders
    • Construction Vehicle1 Con vehicle
    Army
    • Starlight2 Starlight
    • Umbra1 Jammer
    • Prophet1 Radar vehicle

    Some games also: con turret (50%) · T2 con vehicle for allies (49%) · Jaguar (31%)

    By 10:00 in all: 4 mex · 20 wind · 1 geo · 1 Advanced Geothermal Powerplant · 16 converter · 1 energy storage

    The example game in this phase · 120 steps
    1. Converter
    2. Construction VehicleCon vehicle
    3. Converter
    4. Advanced Vehicle PlantAdvanced Vehicle Plantdone 6:54 · typical 8:06
    5. Converter ×6
    6. ProphetRadar vehicle
    7. Converter
    8. MauserMauser ×5
    9. ProphetRadar vehiclefor Suicide front
    10. MauserMauser ×2for Suicide front
    11. Converter
    12. MauserMauserfor Suicide front
    13. Converter
    14. Wind
    15. MauserMauserfor Suicide front
    16. Wind
    17. Converter
    18. Wind
    19. MauserMauserfor Suicide front
    20. Wind
    21. UmbraJammer
    22. Wind ×2
    23. StarlightStarlightdone 8:41 · typical 9:02
    24. Wind ×8
    25. StarlightStarlight
    26. Wind ×8
    27. StarlightStarlight
    28. Wind ×9
    29. BullBulldone 9:49
    30. Wind ×3
    31. BullBull
    32. Wind ×2
    33. ShredderShredderdone 10:16
    34. Wind
    35. ShredderShredder
    36. BullBull
    37. Wind
    38. ConsulConsul
    39. Wind
    40. ConsulConsul
    41. Wind
    42. ConsulConsul
    43. Wind
    44. UmbraJammer
    45. ProphetRadar vehicle
    46. StarlightStarlight
    47. Wind
    48. Con turret
    49. Advanced Radar TowerAdvanced Radar Tower
    50. Wind
    51. Con turret
    52. StarlightStarlight
    53. Wind
    54. BullBull
    55. Con turret
    56. RattlesnakeRattlesnakedone 12:45
    57. BullBull
    58. Wind
    59. Converter
    60. Wind
    61. BullBull
    62. Wind
    63. Converter
    64. JaguarJaguar
    65. Converter
    66. Wind
    67. JaguarJaguar
    68. Converter
    69. Wind ×2
    70. JaguarJaguar
    71. Converter
    72. Wind ×2
    73. Fortification WallFortification Wall
    74. Wind
    75. JaguarJaguar
    76. Converter
    77. Fortification WallFortification Wall ×2
    78. Wind
    79. Fortification WallFortification Wall ×2
    80. Wind
    81. JaguarJaguar
    82. Converter
    83. Wind
    84. Fortification WallFortification Wall
    85. Wind ×2
    86. JaguarJaguar
    87. Wind ×2
    88. Converter
    89. Wind
    90. JaguarJaguar
    91. Wind
    92. Fortification WallFortification Wall ×3
    93. JaguarJaguar
    94. Wind
    95. Converter
    96. Wind
    97. RattlesnakeRattlesnake
    98. Wind ×4
    99. Metal storage
    100. Wind ×5
    101. Vehicle PlantVehicle Plantdone 14:20
    102. Wind
    103. Vehicle PlantVehicle Plantdone 14:26
    104. BlitzBlitz
    105. Wind
    106. BlitzBlitz
    107. Wind
    108. BlitzBlitz
    109. Wind
    110. BlitzBlitz
    111. Wind
    112. BlitzBlitz ×4
    113. Con turret
    114. BlitzBlitz ×2
    115. Advanced Metal ExtractorT2 mex
    116. BlitzBlitz ×7
    117. Wind
    118. BlitzBlitz ×5
    119. Wind
    120. BlitzBlitz ×2

Counts are medians over the build's games: half of them build more, half fewer. The example game is [Crd]VOLT's (37 OS, 29/09/2026); pick another.

Team trades

IN AT LEAST 30% OF ITS GAMES

You hand over

  • Lazarus1 Lazarus to Beach seafirst at 2:16 · in 78% of games
  • Construction Bot1 Con bot to Beach seafirst at 2:30 · in 88% of games
  • Advanced Construction Vehicle1 T2 con vehicle to Suicide front or Frontfirst at 8:52 · in 62% of games

You get

  • Hercules1 Light transport from Airfirst at 4:19 · in 34% of games
  • Advanced Construction Bot1 T2 con bot from Techfirst at 4:48 · in 95% of games

How it plays out

Typical game of this build, running totals by minute

Metal produced

020k40k
0:005:0010:0015:00

metal

Enemy metal destroyed

05k10k15k
0:005:0010:0015:00

metal

Own metal lost

02.5k5k7.5k
0:005:0010:0015:00

metal

845 games.

Show as table
ByMetal produced: This buildEnemy metal destroyed: This buildOwn metal lost: This build
1:0033300
2:0082700
3:00153000
4:00270700
5:00373200
6:00572700
7:00816700
8:0011507021
9:001453351130
10:0017436630320
11:00204162108824
12:002336940291940
13:002613961873295
14:002902585104756
15:0031663103966186
WHAT THE NUMBERS SAY

Standard Geo build dominates the resource numbers, with zero own losses through 10:00 and a huge metal lead by 15:00.

  • + Metal produced hits 31426 by 15:00, highest of all six builds
  • + Own metal lost is 0 by 5:00 and only 334 by 10:00
  • − First Starlight only arrives in 57% of games by 9:19
  • − Advanced geothermal lands in just 69% of games by 7:16
THE EXAMPLE YOU ARE READING

[Crd]VOLT

36.9 OS · 29/09/2026

Open source match ↗

76 received units · includes a constructor
844 metal received · 123446 energy received

Allied construction assistance is unknown. Timings are observations, not a promise of solo reproducibility.

Typical milestones

Bot Lab1:11Middle 50%: 0:58–1:22 · n=844
Geothermal Powerplant3:26Middle 50%: 3:10–3:42 · n=843
Advanced Metal Extractor5:33Middle 50%: 5:17–5:56 · n=842
Advanced Geothermal Powerplant7:06Middle 50%: 6:49–7:33 · n=606
Vehicle Plant7:07Middle 50%: 6:41–7:40 · n=805
Advanced Vehicle Plant8:06Middle 50%: 7:40–8:47 · n=767
Starlight9:02Middle 50%: 8:32–9:51 · n=670

Played most by

0neTw086games of this buildzeus_on_god86games of this buildViltrum54games of this buildDamsko44games of this buildXad42games of this build